 Dungeon Crawl Stone Soup version 0.22-a0-253-gf9d0ce5 (webtiles) character file.

605 Firecrotchwizard the Spear-Bearer (level 7, 0/93 HPs)
             Began as a Merfolk Berserker on Mar 3, 2018.
             Was a Believer of Trog.
             Splashed by Ijyb's acid (11 damage)
             ... on level 5 of the Dungeon.
             The game lasted 00:09:30 (4939 turns).

Firecrotchwizard the Spear-Bearer (MfBe)            Turns: 4939, Time: 00:09:31

Health: 0/93       AC:  4    Str: 24    XL:     7   Next: 42%
Magic:  7/7        EV: 12    Int:  7    God:    Trog [**....]
Gold:   174        SH:  0    Dex: 13    Spells: 6/6 levels left

rFire    . . .     SeeInvis .   a - +0 spear
rCold    . . .     Gourm    +   (no shield)
rNeg     . . .     Faith    .   f - +0 ring mail
rPois    .         Spirit   .   u - +0 helmet
rElec    .         Reflect  .   (no cloak)
rCorr    .         Harm     .   (no gloves)
MR       .....                  (no boots)
Stlth    ..........             t - amulet of the gourmand {Gourm, !d}
HPRegen  0.25/turn              (no ring)
MPRegen  0.10/turn              (no ring)

@: berserking, corroded, very quick
A: change form in water, swift swim, stealthy swim, iridescent scales 1, robust
1, wild magic 1, MP-powered wands
a: Berserk, Trog's Hand, Renounce Religion


You were on level 5 of the Dungeon.
You worshipped Trog.
Trog was pleased with you.
You were not hungry.

You visited 1 branch of the dungeon, and saw 5 of its levels.

You collected 174 gold pieces.

Inventory:

Hand Weapons
 a - a +0 spear (weapon)
Missiles
 k - a throwing net {=f, !d}
Armour
 b - a +0 animal skin
 f - a +0 ring mail (worn)
   (You found it on level 3 of the Dungeon)
 j - a +1 robe of fire resistance
   (You took it off Jessica on level 2 of the Dungeon)
 u - a +0 helmet (worn)
   (You found it on level 4 of the Dungeon)
 w - a +2 robe of positive energy
   (You took it off Blork the orc on level 5 of the Dungeon)
Jewellery
 t - an amulet of the gourmand (around neck) {Gourm, !d}
   (You found it on level 3 of the Dungeon)
Wands
 q - a wand of flame (24)
   (You took it off an orc on level 3 of the Dungeon)
Scrolls
 d - a scroll of fear
 e - a scroll of enchant weapon {unknown}
 g - a scroll of fog {unknown}
 h - a scroll of teleportation {unknown}
 l - a scroll of remove curse
 m - 3 scrolls of amnesia {unknown}
 n - 3 scrolls of identify
 p - a scroll of noise {unknown}
 s - a scroll of magic mapping {!r}
Potions
 i - a potion of lignification {unknown}
 o - a potion of haste {unknown}
 r - 2 potions of mutation {!q}
 v - a potion of magic {unknown}
Comestibles
 c - 11 rations {@e1}


   Skills:
 + Level 5.8 Fighting
 * Level 10.1 Polearms
 - Level 1.3 Armour
 - Level 2.6 Dodging


You had 6 spell levels left.
You didn't know any spells.

Dungeon Overview and Level Annotations

Branches:
Dungeon (5/15)
 Temple: D:4-7

Altars:
Gozag
Kikubaaqudgha
Sif Muna
Trog
Uskayaw

Annotations:
D:4 1 runed door
D:5 Ijyb


Innate Abilities, Weirdness & Mutations

You revert to your normal form in water.
You are very nimble and swift while swimming.
You are very stealthy in the water. (Stealth+)
You are partially covered in iridescent scales. (AC +2)
You are robust. (+10% HP)
Your spells are a little harder to cast, but a little more powerful.
You expend magic power (3 MP) to strengthen your wands.


Message History

Health restored: 62 Attack whom?
Aim: a crimson imp You reach to attack!
You hit the crimson imp.
The crimson imp blinks!
The crimson imp puffs mist at you.
The crimson imp blinks!
No target in view!
No target in view!
Unknown command.
You start waiting.
Eating a chunk of flesh {@w0}.
You eat the chunk of flesh {@w0}.
This raw flesh tastes great.
Your skin stops crawling.
You feel less resistant to hostile enchantments.
You start waiting.
You barely miss the crimson imp. The crimson imp barely misses you.
You hit the crimson imp but do no damage.
The crimson imp barely misses you.
You puncture the crimson imp! The crimson imp barely misses you.
You hit the crimson imp but do no damage.
The crimson imp hits you but does no damage.
You miss the crimson imp. You hit the crimson imp. The crimson imp hits you.
You hit the crimson imp. The crimson imp misses you.
You take 1 damage, and have 61/62 hp.
You hit the crimson imp.
You kill the crimson imp!
Trog accepts your kill.
Your Polearms skill increases to level 10!
No target in view!
No target in view!
No target in view!
No target in view!
No target in view!
No target in view!
No target in view!
No target in view!
No target in view!
No target in view!
No target in view!
No target in view!
No target in view!
No target in view!
No target in view!
No target in view!
No target in view!
No target in view!
No target in view!
You start resting.
Health restored: 62 You start waiting.
You feel yourself speed up.
You may need something to eat soon, looking for food.
Can't find anything matching that.
You're still recovering from your berserk rage.
Okay, then.
Things that are here:
a mace; the orc skeleton of Blork the orc
Things that are here:
a mace; the orc skeleton of Blork the orc
There is a large open door here.
You recover from your berserk rage.
There is a large open door here.
Ijyb the Twisted Goblin comes into view.
She is wielding a dagger.
Ijyb shouts!
You hear a shout!
There is a large open door here.
There is a large open door here.
As you close the large door, it creaks loudly!
You start waiting.
Something unseen opens the large door.
You start waiting.
Attack whom?
Aim: Ijyb, wielding a dagger and wearing a ring mail You reach to attack!
You hit Ijyb but do no damage.
Attack whom?
Aim: Ijyb, wielding a dagger and wearing a ring mail You reach to attack!
You puncture Ijyb!
Ijyb zaps a wand.
The bolt of acid hits you! The acid corrodes you!
You are splashed with acid!
The acid burns!
It is a wand of acid (8).
You take 26 damage, and have 36/62 hp.
MASSIVE DAMAGE!!
A red film seems to cover your vision as you go berserk!
You feel yourself moving faster!
You feel mighty!
You feel quite a bit more hungry.
Ijyb zaps a wand.
The bolt of acid hits you!
You are splashed with acid!
The acid burns!
* * * LOW HITPOINT WARNING * * *
You now have 27/93 hp.
Attack whom?
Aim: Ijyb, wielding a dagger, wearing a ring mail and carrying a wand of acid (7) (moderately wounded)
You reach to attack!
You hit Ijyb but do no damage.
Attack whom?
Aim: Ijyb, wielding a dagger, wearing a ring mail and carrying a wand of acid (7) (moderately wounded)
You reach to attack!
You puncture Ijyb!
Ijyb screams, "Me very upset!"
Ijyb zaps a wand.
The bolt of acid hits you!
* * * LOW HITPOINT WARNING * * *
You are splashed with acid!
The acid burns!
You die...

############# #...........#
#...g.......# #...###.###.#
#..##.....##
#########..#.8...8.#
######.....@##..#......g###.
#>..........'g......_.....O.
#.#)##......##..#.......#.#
#.#.##......##..#.8...8.#.#
#.#.##......##..##.....##
#.#.##......########.###
#.#.##......# #.#
#.#.##......# ####.###
#.#.######### #......#


You could see Ijyb.

Vanquished Creatures
  The ghost of Neuromancer the Chiller, an amateur OpIE (D:3)
  Blork the orc (D:5)
  3 killer bees (D:4)
  2 crimson imps (D:5)
  A bullfrog skeleton (D:4)
  Jessica (D:2)
  2 worker ants (D:4)
  A worker ant zombie (D:5)
  7 adders
  A shadow imp (D:4)
  An ooze (D:3)
  2 worms
  2 dart slugs (D:2)
  3 leopard geckos
  6 orcs
  A ball python (D:1)
  3 giant cockroaches
  3 goblins
  7 hobgoblins
  3 jackals (D:2)
  12 bats
  2 frilled lizards
  6 kobolds
  5 rats
76 creatures vanquished.

Vanquished Creatures (others)
  A plant (D:5)
1 creature vanquished.

Grand Total: 77 creatures vanquished

Notes
Turn   | Place    | Note
-------+----------+-------------------------------------------
     0 | D:1      | Firecrotchwizard the Merfolk Berserker began the quest for the Orb.
     0 | D:1      | Reached XP level 1. HP: 18/18 MP: 1/1
   249 | D:1      | Reached XP level 2. HP: 23/24 MP: 2/2
   287 | D:1      | Reached skill level 5 in Polearms
   901 | D:2      | Reached XP level 3. HP: 26/30 MP: 3/3
   967 | D:2      | Reached ** piety under Trog
  1034 | D:2      | Reached skill level 6 in Polearms
  1234 | D:2      | Reached skill level 4 in Fighting
  1254 | D:2      | Noticed Jessica
  1265 | D:2      | Killed Jessica
  1265 | D:2      | Reached XP level 4. HP: 27/37 MP: 4/4
  2118 | D:3      | Found an ancient bone altar of Kikubaaqudgha.
  2122 | D:3      | Reached skill level 7 in Polearms
  2143 | D:3      | Noticed Neuromancer's ghost (amateur OpIE)
  2241 | D:3      | Reached XP level 5. HP: 39/43 MP: 5/5
  2612 | D:3      | Killed Neuromancer's ghost
  2707 | D:3      | Found a bloodstained altar of Trog.
  2708 | D:3      | Found a hide-covered altar of Uskayaw.
  2791 | D:3      | Reached skill level 8 in Polearms
  2867 | D:4      | Reached XP level 6. HP: 30/50 MP: 6/6
  3111 | D:4      | Reached skill level 5 in Fighting
  3526 | D:4      | Reached skill level 9 in Polearms
  3538 | D:4      | Reached XP level 7. HP: 14/56 MP: 7/7
  3538 | D:4      | HP: 12/56 [poisoned by a killer bee]
  3540 | D:4      | Gained mutation: You are partially covered in iridescent scales. (AC +2) [potion of mutation]
  3540 | D:4      | Gained mutation: You expend magic power (3 MP) to strengthen your wands. [potion of mutation]
  3540 | D:4      | Gained mutation: You are robust. (+10% HP) [potion of mutation]
  3540 | D:4      | Gained mutation: Your spells are a little harder to cast, but a little more powerful. [potion of mutation]
  3541 | D:4      | HP: 5/61 [poisoned by a killer bee]
  4315 | D:4      | Found a runed door.
  4485 | D:5      | Entered Level 5 of the Dungeon
  4528 | D:5      | Found a deep blue altar of Sif Muna.
  4793 | D:5      | Found an opulent altar of Gozag.
  4820 | D:5      | Noticed Blork the orc
  4856 | D:5      | Killed Blork the orc
  4884 | D:5      | Reached skill level 10 in Polearms
  4921 | D:5      | Noticed Ijyb
  4939 | D:5      | HP: 11/93 [Ijyb/wand of acid (7) (16)]
  4939 | D:5      | Splashed by Ijyb's acid

Vault maps used:
D:1:      saegor_arrival_under_anarchy
D:2:      uniq_jessica
D:3:      gammafunk_temple_overflow_pools, kiku_gazebo_garden_becter
D:4:      first_ration, minivault_11, uniq_crazy_yiuf_cottage
D:5:      led_sif_pool, grunt_gozag_statues, lemuel_coloured_pillars_altar,
          led_xom_imps, temple_pool_b, serial_bayou_lagoon_b,
          uniq_blork_the_orc, uniq_ijyb

Skill      XL: |  1  2  3  4  5  6  7 |
---------------+----------------------+-----
Polearms       | 5 6 7 8 9 10 | 10.1
Fighting       | 4 5 |  5.8
Armour         | |  1.3
Dodging        | |  2.6

Action                   |  1- 3 |  4- 6 |  7- 9 || total
-------------------------+-------+-------+-------++-------
Melee: Spear             |   108 |   189 |   121 ||   418
Throw: Tomahawk          |       |     2 |    15 ||    17
Invok: Berserk           |     1 |     3 |     2 ||     6
       Trog's Hand       |       |       |     1 ||     1
Evoke: Wand              |       |     6 |       ||     6
  Use: Scroll            |       |     4 |       ||     4
       Potion            |       |       |     4 ||     4
  Eat: Chunk             |     2 |     9 |     6 ||    17
       Ration            |       |     1 |       ||     1
Armor: Animal skin       |    20 |    11 |       ||    31
       Ring mail         |       |    27 |    23 ||    50
Dodge: Dodged            |    48 |   101 |    28 ||   177

Table legend:
 A = Spawn XP
 B = Non-spawn XP
 C = Spawn XP percentage of total XP
 D = Spawn monster count
 E = Non-spawn monster count
 F = Spawn count percentage of total count
 G = Total turns spent on level
                    A         B        C        D         E        F      G
               +---------+---------+-------+---------+---------+-------+---------
         Total |       0 |     865 |   0.0 |       0 |      76 |   0.0 |  4939
               +---------+---------+-------+---------+---------+-------+---------
           D:1 |       0 |      26 |   0.0 |       0 |      18 |   0.0 |   849
           D:2 |       0 |     123 |   0.0 |       0 |      26 |   0.0 |  1271
           D:3 |       0 |     152 |   0.0 |       0 |      12 |   0.0 |   727
           D:4 |       0 |     343 |   0.0 |       0 |      14 |   0.0 |  1676
           D:5 |       0 |     221 |   0.0 |       0 |       6 |   0.0 |   416
               +---------+---------+-------+---------+---------+-------+---------

Vault maps used:
D:1:      saegor_arrival_under_anarchy
D:2:      uniq_jessica
D:3:      gammafunk_temple_overflow_pools, kiku_gazebo_garden_becter
D:4:      first_ration, minivault_11, uniq_crazy_yiuf_cottage
D:5:      led_sif_pool, grunt_gozag_statues, lemuel_coloured_pillars_altar,
          led_xom_imps, temple_pool_b, serial_bayou_lagoon_b,
          uniq_blork_the_orc, uniq_ijyb

Table legend:
 A = Turns spent in this place as a percentage of turns spent in the entire game.
 B = Non-inter-level travel turns spent in this place as a percentage of non-inter-level travel turns spent in the entire game.
 C = Inter-level travel turns spent in this place as a percentage of turns spent in this place.
 D = Turns resting spent in this place as a percentage of non-inter-level travel turns spent in this place.
 E = Turns spent auto-exploring this place as a percentage of non-inter-level travel turns spent in this place.
 F = Non-inter-level travel turns spent in this place divided by the number of levels of this place that you've seen.
                   A       B       C       D       E      F
               +-------+-------+-------+-------+-------+----------------------
         Total | 100.0 | 100.0 |   4.3 |  24.7 |  57.5 | 945.4
       Dungeon | 100.0 | 100.0 |   4.3 |  24.7 |  57.5 | 945.4
               +-------+-------+-------+-------+-------+----------------------

Table legend:
 A = Kills in this place as a percentage of kills in entire the game.
 B = Kills by you in this place as a percentage of kills by you in the entire game.
 C = Kills by friends in this place as a percentage of kills by friends in the entire game.
 D = Other kills in this place as a percentage of other kills in the entire game.
 E = Experience gained in this place as a percentage of experience gained in the entire game.
 F = Experience gained in this place divided by the number of levels of this place that you have seen.
                   A       B       C       D       E      F
               +-------+-------+-------+-------+-------+----------------------
         Total | 100.0 | 100.0 |   N/A |   N/A | 100.0 | 173.0
       Dungeon | 100.0 | 100.0 |   N/A |   N/A | 100.0 | 173.0
               +-------+-------+-------+-------+-------+----------------------
